BSA
NEVADA NOISE @ ORLANDO CALRISSIAN
09/15/2027
 
TOP OF THE 1ST
Los Cabos Cartel batting - Pitching for Orlando Calrissian : RHP Reagan Wear
Pitching: RHP Reagan Wear
Batting: LHB Stanley Mullins 0-0: Ground out 1-3 (Groundball, 15S)
Batting: RHB Fernando Martínez 0-0: DOUBLE (Flyball, 9LM)
Batting: SHB Julián Madrid 0-0: Foul Ball, location: 2F
0-1: Foul Ball, location: 2F
0-2: Ball
1-2: Ball
2-2: Foul Ball, location: 2F
2-2: Ball
3-2: Foul Ball, location: 2F
3-2: SINGLE (Flyball, 7LS)
Fernando Martínez to third
Runner from 3rd tries for Home, SAFE, no throw
Batting: LHB Willie Wallace 0-0: Fly out, F2 (Popup, 2R)
Batting: SHB Javier Villegas 0-0: Ball
1-0: Ball
2-0: Ball
3-0: Foul Ball, location: 2F
3-1: Base on Balls
Julián Madrid to second
Batting: LHB Tom Waller 0-0: Ball
1-0: Ball
2-0: Ball
3-0: Base on Balls
Julián Madrid to third
Javier Villegas to second
Batting: SHB Rob Grun 0-0: Ball
1-0: Called Strike
1-1: Ball
2-1: Swinging Strike
2-2: Ball
3-2: Strikes out looking
Top of the 1st over - 1 run(s), 2 hit(s), 0 error(s), 3 left on base; Los Cabos 1 - Orlando 0
BOTTOM OF THE 1ST
Orlando Calrissian batting - Pitching for Los Cabos Cartel : RHP Erwin Entwistle
Pitching: RHP Erwin Entwistle
Batting: RHB Júlio Negrón 0-0: Ball
1-0: Called Strike
1-1: Foul Ball, location: 2F
1-2: Strikes out swinging
Batting: LHB Santiago Márquez 0-0: Called Strike
0-1: SINGLE (Line Drive, 89S)
Batting: RHB Rich Anderson 0-0: Called Strike
0-1: Ball
1-1: Foul Ball, location: 2F
1-2: Ball
2-2: Strikes out swinging
Batting: SHB Tim Abbott 0-0: Ball
1-0: Ball
2-0: Ball
3-0: Called Strike
3-1: Fly out, F2 (Popup, 3S)
Bottom of the 1st over - 0 run(s), 1 hit(s), 0 error(s), 1 left on base; Los Cabos 1 - Orlando 0
TOP OF THE 2ND
Los Cabos Cartel batting - Pitching for Orlando Calrissian : RHP Reagan Wear
Batting: RHB Fernando Gálvez 0-0: Called Strike
0-1: Foul Ball, location: 2F
0-2: Ball
1-2: Foul Ball, location: 2F
1-2: Ball
2-2: Strikes out swinging
Batting: RHB Vern Carlton 0-0: Called Strike
0-1: Ball
1-1: Ball
2-1: Ball
3-1: Swinging Strike
3-2: Foul Ball, location: 2F
3-2: Strikes out looking
Batting: LHB Stanley Mullins 0-0: Called Strike
0-1: Called Strike
0-2: Ground out U3 (Groundball, 3L)
Top of the 2nd over - 0 run(s), 0 hit(s), 0 error(s), 0 left on base; Los Cabos 1 - Orlando 0
BOTTOM OF THE 2ND
Orlando Calrissian batting - Pitching for Los Cabos Cartel : RHP Erwin Entwistle
Batting: RHB Raúl Canó 0-0: SINGLE (Flyball, 9LS)
Batting: RHB Frederico Hernández 0-0: Ball
1-0: Grounds into double play, 6-4-3 (Groundball, 6)
Batting: RHB Pepe González 0-0: Foul Ball, location: 2F
0-1: Ball
1-1: Ground out 4-3 (Groundball, 4)
Bottom of the 2nd over - 0 run(s), 1 hit(s), 0 error(s), 0 left on base; Los Cabos 1 - Orlando 0
TOP OF THE 3RD
Los Cabos Cartel batting - Pitching for Orlando Calrissian : RHP Reagan Wear
Batting: RHB Fernando Martínez 0-0: Foul Ball, location: 2F
0-1: Swinging Strike
0-2: Strikes out swinging
Batting: SHB Julián Madrid 0-0: Ball
1-0: Foul Ball, location: 2F
1-1: Fly out, F8 (Line Drive, 8LD)
Batting: LHB Willie Wallace 0-0: Ball
1-0: Fly out, F8 (Flyball, 8LD)
Top of the 3rd over - 0 run(s), 0 hit(s), 0 error(s), 0 left on base; Los Cabos 1 - Orlando 0
BOTTOM OF THE 3RD
Orlando Calrissian batting - Pitching for Los Cabos Cartel : RHP Erwin Entwistle
Batting: RHB Yoshihide Takahashi 0-0: Swinging Strike
0-1: Ball
1-1: Called Strike
1-2: Ball
2-2: Strikes out swinging
Batting: SHB Brian Price 0-0: SOLO HOME RUN (Flyball, 9LD), Distance : 350 ft
Batting: RHB Júlio Negrón 0-0: Ball
1-0: Ball
2-0: Called Strike
2-1: Fly out, F9 (Flyball, 9LS)
Batting: LHB Santiago Márquez 0-0: Called Strike
0-1: Foul Ball, location: 2F
0-2: Foul Ball, location: 2F
0-2: Foul Ball, location: 2F
0-2: Ball
1-2: Foul Ball, location: 2F
1-2: Ground out 4-3 (Groundball, 34)
Bottom of the 3rd over - 1 run(s), 1 hit(s), 0 error(s), 0 left on base; Los Cabos 1 - Orlando 1
TOP OF THE 4TH
Los Cabos Cartel batting - Pitching for Orlando Calrissian : RHP Reagan Wear
Batting: SHB Javier Villegas 0-0: Ball
1-0: Foul Ball, location: 2F
1-1: Ball
2-1: Ball
3-1: SINGLE (Line Drive, 9S)
Batting: LHB Tom Waller 0-0: Called Strike
0-1: Called Strike
0-2: Ball
1-2: 2-RUN HOME RUN (Flyball, 89XD), Distance : 405 ft
Batting: SHB Rob Grun 0-0: Called Strike
0-1: Ball
1-1: Swinging Strike
1-2: Ball
2-2: Ball
3-2: Fly out, F8 (Flyball, 8RD)
Batting: RHB Fernando Gálvez 0-0: Swinging Strike
0-1: Ball
1-1: Swinging Strike
1-2: Strikes out swinging
Batting: RHB Vern Carlton 0-0: Called Strike
0-1: Swinging Strike
0-2: Foul Ball, location: 2F
0-2: Foul Ball, location: 2F
0-2: Foul Ball, location: 2F
0-2: Ball
1-2: Strikes out swinging
Top of the 4th over - 2 run(s), 2 hit(s), 0 error(s), 0 left on base; Los Cabos 3 - Orlando 1
BOTTOM OF THE 4TH
Orlando Calrissian batting - Pitching for Los Cabos Cartel : RHP Erwin Entwistle
Batting: RHB Rich Anderson 0-0: Called Strike
0-1: Ball
1-1: Foul Ball, location: 2F
1-2: Ball
2-2: Ball
3-2: Foul Ball, location: 2F
3-2: Hit by Pitch
Batting: SHB Tim Abbott 0-0: Grounds into double play, 4-6-3 (Groundball, 4)
Batting: RHB Raúl Canó 0-0: Ball
1-0: Called Strike
1-1: Ball
2-1: Ball
3-1: Base on Balls
Batting: RHB Frederico Hernández 0-0: Foul Ball, location: 2F
0-1: Fielders Choice at 2nd, 6-4 (Groundball, 56)
Bottom of the 4th over - 0 run(s), 0 hit(s), 0 error(s), 0 left on base; Los Cabos 3 - Orlando 1
TOP OF THE 5TH
Los Cabos Cartel batting - Pitching for Orlando Calrissian : RHP Reagan Wear
Batting: LHB Stanley Mullins 0-0: Fly out, F3 (Line Drive, 3L)
Batting: RHB Fernando Martínez 0-0: Ball
1-0: Called Strike
1-1: Foul Ball, location: 2F
1-2: Ball
2-2: Foul Ball, location: 2F
2-2: Ball
3-2: Base on Balls
Batting: SHB Julián Madrid 0-0: Called Strike
0-1: Ball
1-1: Called Strike
1-2: Ball
2-2: Ball
3-2: Foul Ball, location: 2F
3-2: Foul Ball, location: 2F
3-2: DOUBLE (Flyball, 8RD)
Fernando Martínez to third
Batting: LHB Willie Wallace 0-0: Swinging Strike
0-1: Called Strike
0-2: Ground out 4-3 (Groundball, 34)
Batting: SHB Javier Villegas 0-0: Called Strike
0-1: Foul Ball, location: 2F
0-2: Ball
1-2: Foul Ball, location: 2F
1-2: Ground out 1-3 (Groundball, 13S)
Top of the 5th over - 0 run(s), 1 hit(s), 0 error(s), 2 left on base; Los Cabos 3 - Orlando 1
BOTTOM OF THE 5TH
Orlando Calrissian batting - Pitching for Los Cabos Cartel : RHP Erwin Entwistle
Batting: RHB Pepe González 0-0: Ball
1-0: Ground out 6-3 (Groundball, 6)
Batting: RHB Yoshihide Takahashi 0-0: Ball
1-0: Fly out, F7 (Flyball, 7)
Batting: SHB Brian Price 0-0: Called Strike
0-1: Foul Ball, location: 2F
0-2: Foul Ball, location: 2F
0-2: Ball
1-2: Ground out 4-3 (Groundball, 4)
Bottom of the 5th over - 0 run(s), 0 hit(s), 0 error(s), 0 left on base; Los Cabos 3 - Orlando 1
TOP OF THE 6TH
Los Cabos Cartel batting - Pitching for Orlando Calrissian : RHP Reagan Wear
Batting: LHB Tom Waller 0-0: Ball
1-0: Ball
2-0: Swinging Strike
2-1: Called Strike
2-2: Ground out 3-1 (Groundball, 34)
Batting: SHB Rob Grun 0-0: Ball
1-0: Ball
2-0: Foul Ball, location: 2F
2-1: Ball
3-1: DOUBLE (Flyball, 89D)
Batting: RHB Fernando Gálvez 0-0: Ball
1-0: SINGLE (Groundball, 6MD)
Rob Grun to third
Pitching: RHP Dave Heath
Batting: RHB Vern Carlton 0-0: Ball
1-0: Swinging Strike
1-1: Called Strike
1-2: Ball
Fernando Gálvez steals 2nd base
2-2: Ground out 4-3 (Groundball, 4)
Batting: LHB Stanley Mullins 0-0: Called Strike
0-1: Ball
1-1: DOUBLE (Line Drive, 7LS)
Rob Grun scores
Fernando Gálvez scores
Batting: RHB Fernando Martínez 0-0: Ball
1-0: Swinging Strike
1-1: Ball
2-1: Ground out 5-3 (Groundball, 56)
Top of the 6th over - 2 run(s), 3 hit(s), 0 error(s), 1 left on base; Los Cabos 5 - Orlando 1
BOTTOM OF THE 6TH
Orlando Calrissian batting - Pitching for Los Cabos Cartel : RHP Erwin Entwistle
Batting: RHB Júlio Negrón 0-0: Ball
1-0: Ball
2-0: Called Strike
2-1: Foul Ball, location: 2F
2-2: Ball
3-2: Foul Ball, location: 2F
3-2: Ground out 1-3 (Groundball, 13)
Pitching: RHP Ángel Lara
Batting: LHB Santiago Márquez 0-0: Called Strike
0-1: Ball
1-1: Called Strike
1-2: Ball
2-2: Ground out 4-3 (Groundball, 4)
Batting: RHB Rich Anderson 0-0: Ball
1-0: Ball
2-0: Ball
3-0: Base on Balls
Batting: SHB Tim Abbott 0-0: Called Strike
0-1: Ball
1-1: Ball
2-1: SINGLE (Line Drive, 78S)
Rich Anderson to second
Batting: RHB Raúl Canó 0-0: Ball
1-0: Called Strike
1-1: Fielders Choice at 2nd, 4-6 (Groundball, 4)
Bottom of the 6th over - 0 run(s), 1 hit(s), 0 error(s), 1 left on base; Los Cabos 5 - Orlando 1
TOP OF THE 7TH
Los Cabos Cartel batting - Pitching for Orlando Calrissian : RHP Dave Heath
Batting: SHB Julián Madrid 0-0: Ball
1-0: Ball
2-0: Ball
3-0: Called Strike
3-1: Base on Balls
Batting: LHB Willie Wallace 0-0: Called Strike
0-1: Foul Ball, location: 2F
0-2: Strikes out swinging
Batting: SHB Javier Villegas 0-0: Called Strike
0-1: Ball
1-1: Called Strike
1-2: Ball
2-2: Foul Ball, location: 2F
2-2: Ball
3-2: Foul Ball, location: 2F
3-2: Foul Ball, location: 2F
3-2: Base on Balls
Julián Madrid to second
Batting: LHB Tom Waller 0-0: Fly out, F7 (Flyball, 7LMF)
Batting: SHB Rob Grun 0-0: Ball
1-0: SINGLE (Line Drive, 34)
Julián Madrid to third
Javier Villegas to second
Batting: RHB Fernando Gálvez 0-0: Ball
1-0: Ball
2-0: DOUBLE (Line Drive, 8LD)
Julián Madrid scores
Javier Villegas scores
Rob Grun to third
Batting: RHB Vern Carlton 0-0: Called Strike
0-1: Foul Ball, location: 2F
0-2: Ball
1-2: Foul Ball, location: 2F
1-2: Foul Ball, location: 2F
1-2: Strikes out swinging
Top of the 7th over - 2 run(s), 2 hit(s), 0 error(s), 2 left on base; Los Cabos 7 - Orlando 1
BOTTOM OF THE 7TH
Orlando Calrissian batting - Pitching for Los Cabos Cartel : RHP Ángel Lara
Batting: RHB Frederico Hernández 0-0: Swinging Strike
0-1: Fly out, F7 (Line Drive, 78D)
Batting: RHB Pepe González 0-0: Swinging Strike
0-1: Ball
1-1: Ball
2-1: Called Strike
2-2: Ball
3-2: Strikes out swinging
Batting: RHB Yoshihide Takahashi 0-0: Foul Ball, location: 2F
0-1: Foul Ball, location: 2F
0-2: DOUBLE (Flyball, 78XD)
Batting: SHB Brian Price 0-0: Called Strike
0-1: Ball
1-1: Ball
2-1: Called Strike
2-2: Ball
3-2: Base on Balls
Batting: RHB Júlio Negrón 0-0: Ball
1-0: Called Strike
1-1: Ball
2-1: Ball
3-1: Foul Ball, location: 2F
3-2: Base on Balls
Yoshihide Takahashi to third
Brian Price to second
Batting: LHB Santiago Márquez 0-0: Swinging Strike
0-1: Ball
1-1: Called Strike
1-2: Ball
2-2: Ball
3-2: SINGLE (Flyball, 8RS)
Yoshihide Takahashi scores
Brian Price to third
Júlio Negrón to second
Brian Price scores
Júlio Negrón to third
Pitching: RHP José Ruíz
Batting: RHB Rich Anderson 0-0: Foul Ball, location: 2F
0-1: Foul Ball, location: 2F
0-2: Ground out 6-3 (Groundball, 6MS)
Bottom of the 7th over - 2 run(s), 2 hit(s), 0 error(s), 2 left on base; Los Cabos 7 - Orlando 3
TOP OF THE 8TH
Los Cabos Cartel batting - Pitching for Orlando Calrissian : RHP Dave Heath
Pitching: RHP Carlos Díaz
Batting: LHB Stanley Mullins 0-0: Ball
1-0: Ball
2-0: Ball
3-0: Called Strike
3-1: Foul Ball, location: 2F
3-2: Base on Balls
Batting: RHB Fernando Martínez 0-0: Sac Bunt - play at first, batter OUT! 3-4
Stanley Mullins to second
Batting: SHB Julián Madrid 0-0: Intentional Walk
Batting: LHB Willie Wallace 0-0: Called Strike
0-1: SINGLE (Groundball, 34D)
Stanley Mullins to third
Julián Madrid to second
Runner from 3rd tries for Home, SAFE, no throw
Batting: SHB Javier Villegas 0-0: Ball
1-0: Called Strike
1-1: Called Strike
1-2: Ball
2-2: Ball
3-2: Base on Balls
Julián Madrid to third
Willie Wallace to second
Batting: LHB Tom Waller 0-0: Called Strike
0-1: Foul Ball, location: 2F
0-2: Ball
1-2: Fly out, F7 (Flyball, 78D)
Runner from 3rd tags up, SCORES, throw made
Batting: SHB Rob Grun 0-0: Called Strike
0-1: Ball
1-1: Called Strike
1-2: Foul Ball, location: 2F
1-2: Fielders Choice at 2nd, 4-6 (Groundball, 4)
Top of the 8th over - 2 run(s), 1 hit(s), 0 error(s), 1 left on base; Los Cabos 9 - Orlando 3
BOTTOM OF THE 8TH
Orlando Calrissian batting - Pitching for Los Cabos Cartel : RHP José Ruíz
Batting: SHB Tim Abbott 0-0: Ball
1-0: Foul Ball, location: 2F
1-1: Ground out U3 (Groundball, 34)
Batting: RHB Raúl Canó 0-0: Ball
1-0: Foul Ball, location: 2F
1-1: Foul Ball, location: 2F
1-2: Ball
2-2: TRIPLE (Flyball, 89XD)
Batting: RHB Frederico Hernández 0-0: Foul Ball, location: 2F
0-1: Ground out 6-3 (Groundball, 6MS)
Raúl Canó scores
Batting: RHB Pepe González 0-0: Ball
1-0: Fly out, F8 (Flyball, 89M)
Bottom of the 8th over - 1 run(s), 1 hit(s), 0 error(s), 0 left on base; Los Cabos 9 - Orlando 4
TOP OF THE 9TH
Los Cabos Cartel batting - Pitching for Orlando Calrissian : RHP Carlos Díaz
Pitching: RHP Aaron Abrams
Batting: RHB Fernando Gálvez 0-0: Ball
1-0: Ball
2-0: SINGLE (Line Drive, 78S)
Batting: RHB Vern Carlton 0-0: Ball
1-0: Foul Ball, location: 2F
1-1: Called Strike
1-2: Strikes out swinging
Batting: LHB Stanley Mullins 0-0: Called Strike
0-1: SINGLE (Line Drive, 8RS)
Fernando Gálvez to second
Fernando Gálvez to third
Batting: RHB Fernando Martínez 0-0: Ball
1-0: Called Strike
1-1: Foul Ball, location: 2F
1-2: Ball
Stanley Mullins is caught stealing 2nd base
2-2: Foul Ball, location: 2F
2-2: Foul Ball, location: 2F
2-2: Ball
3-2: Base on Balls
Batting: SHB Julián Madrid 0-0: Ball
1-0: Swinging Strike
1-1: Ball
2-1: Ball
3-1: Base on Balls
Fernando Martínez to second
Batting: LHB Willie Wallace 0-0: Called Strike
0-1: Foul Ball, location: 2F
0-2: Ball
1-2: Ball
2-2: Strikes out looking
Top of the 9th over - 0 run(s), 2 hit(s), 0 error(s), 3 left on base; Los Cabos 9 - Orlando 4
BOTTOM OF THE 9TH
Orlando Calrissian batting - Pitching for Los Cabos Cartel : RHP José Ruíz
Now in LF: Pablo Reyes
Batting: RHB Yoshihide Takahashi 0-0: Fly out, F9 (Flyball, 9D)
Batting: SHB Brian Price 0-0: Foul Ball, location: 2F
0-1: Called Strike
0-2: Strikes out swinging
Batting: RHB Júlio Negrón 0-0: Ball
1-0: Foul Ball, location: 2F
1-1: Called Strike
1-2: Ball
2-2: Ball
3-2: Foul Ball, location: 2F
3-2: Base on Balls
Pitching: RHP Pierre Deschęnes
Batting: LHB Santiago Márquez 0-0: Ball
1-0: Ball
2-0: Called Strike
2-1: Ball
3-1: Ground out 1-3 (Groundball, 15S)
Bottom of the 9th over - 0 run(s), 0 hit(s), 0 error(s), 1 left on base; Los Cabos 9 - Orlando 4
Thursday, March 30th, 2017 - OOTP Baseball 17.12 Build 75